 Dungeon Crawl Stone Soup version 0.30.0-29-ga12c61a403 (webtiles) character file.

Game seed: 17045210596581148392

2 LustLizard the Conjurer (level 1, 0/11 HPs)
             Began as an Octopode Conjurer on June 8, 2023.
             Slain by a hobgoblin (2 damage)
             ... on level 1 of the Dungeon.
             The game lasted 00:00:17 (25 turns).

LustLizard the Conjurer (Octopode Conjurer)           Turns: 25, Time: 00:00:18

Health: 0/11       AC:  1    Str:  6    XL:     1   Next: 40%
Magic:  3/3        EV: 13    Int: 20    God:
Gold:   11         SH:  0    Dex: 10    Spells: 3/4 levels left

rFire   . . .        (no weapon)
rCold   . . .        (no shield)
rNeg    . . .        (helmet restricted)
rPois   .            (no amulet)
rElec   .            (no ring)
rCorr   .            (no ring)
SInv    .            (no ring)
Will    .....        (no ring)
Stlth   +++          (no ring)
HPRegen 0.21/turn    (no ring)
MPRegen 0.08/turn    (no ring)
                     (no ring)

%: no passive effects
@: no status effects
A: almost no armour, amphibious, 8 rings, camouflage 1, gelatinous body 1,
(nimble swimmer 1), tentacles
a: no special abilities


You were on level 1 of the Dungeon.
You visited 1 branch of the dungeon, and saw 1 of its levels.

You collected 11 gold pieces.

Inventory:

Potions
 a - a potion of magic


   Skills:
 + Level 0.1 Fighting
 - Level 2.0 Dodging
 + Level 2.8 Stealth
 + Level 0.1 Unarmed Combat
 + Level 2.0 Spellcasting
 * Level 4.0 Conjurations


You had 3 spell levels left.
You knew the following spells:

 Your Spells              Type           Power      Damage    Failure   Level
a - Magic Dart            Conj           72%        1d6       3%          1

Your spell library contained the following spells:

 Spells                   Type           Power      Damage    Failure   Level
 Searing Ray              Conj           36%        2d5       4%          2
 Dazzling Flash           Conj/Hex       20%        N/A       21%         3
 Fulminant Prism          Conj/Hex       5%         3d7       56%         4
 Iskenderun's Mystic Bla  Conj/Tloc      10%        2d4       56%         4


Dungeon Overview and Level Annotations

Branches:
Dungeon (1/15)

Altars:


Innate Abilities, Weirdness & Mutations

You cannot wear most types of armour.
You are amphibious.
You can wear up to eight rings at the same time.
Your skin changes colour to match your surroundings (Stealth+).
Your rubbery body absorbs attacks. (AC +1, EV +1)
((You are camouflaged when in or above water. (Stealth+)))
You have tentacles for arms and can constrict up to eight enemies at once.


Message History

You closely miss the frilled lizard. Your grab misses the frilled lizard.
Your tentacle-slap misses the frilled lizard.
You squeeze the frilled lizard.
You kill the frilled lizard!
No target in view!
No target in view!
A hobgoblin comes into view.
A hobgoblin is nearby!
Found a stone staircase leading down.
A hobgoblin and a rat come into view.
The hobgoblin shouts!
The rat closely misses you.
You tentacle-slap the rat but do no damage.
You grab the rat. You squeeze the rat.
You kill the rat!
The hobgoblin hits you.
You barely miss the hobgoblin. Your grab misses the hobgoblin.
You squeeze the hobgoblin.
The hobgoblin is heavily wounded.
The hobgoblin closely misses you. The hobgoblin misses you.
You closely miss the hobgoblin. You grab the hobgoblin.
You squeeze the hobgoblin.
You kill the hobgoblin!
The hobgoblin hits you.
You are too injured to fight recklessly!
You are too injured to fight recklessly!
You are too injured to fight recklessly!
You tentacle-slap the hobgoblin. Your grab misses the hobgoblin.
The hobgoblin is moderately wounded.
The hobgoblin hits you.
* * * LOW HITPOINT WARNING * * *
You barely miss the hobgoblin. You grab the hobgoblin.
The hobgoblin is moderately wounded.
You constrict the hobgoblin, but do no damage.
The hobgoblin barely misses you.
You tentacle-slap the hobgoblin but do no damage.
You squeeze the hobgoblin.
The hobgoblin is severely wounded.
You constrict the hobgoblin. The hobgoblin hits you.
You die...

####..## ...
..###..######....
#...)...>.........
......##.....#####
#...####..####
###. #...## #.
#.#..# #.##.##...#
#†@..# ##.#
#....g#........
#....#..........
#.... >#########
#...#### #... #...
####


You could see a hobgoblin.

Vanquished Creatures
  A hobgoblin (D:1)
  A frilled lizard (D:1)
  A rat (D:1)
3 creatures vanquished.

Notes
Turn   | Place    | Note
-------+----------+-------------------------------------------
     0 | D:1      | LustLizard the Octopode Conjurer began the quest for the
                  | Orb.
     0 | D:1      | Reached XP level 1. HP: 11/11 MP: 3/3
    25 | D:1      | Slain by a hobgoblin

Illustrated notes

Levels and vault maps discovered:
D:1:      dpeg_arrival_short_road, layout_rooms

Action                     || total
---------------------------++-------
  Melee: Unarmed           ||     8
         Tentacles         ||     5
         Constrict         ||     3
  Dodge: Dodged            ||     6
